 Dungeon Crawl Stone Soup version 0.16.1-11-g651b585 (webtiles) character file.

15270 karlm the Fighter (level 12, -6/82 HPs)
             Began as a Gargoyle Fighter on Apr 5, 2015.
             Was a High Priest of Okawaru.
             Mangled by a hill giant
             ... wielding a +0 giant club
              (21 damage)
             ... on level 11 of the Dungeon.
             The game lasted 00:44:49 (14950 turns).

karlm the Fighter (Gargoyle Fighter)               Turns: 14950, Time: 00:44:49

Health: -6/82      AC: 31    Str: 22    XL:     12   Next: 25%
Magic:  12/12      EV:  6    Int: 10    God:    Okawaru [*****.]
Gold:   526        SH: 11    Dex: 11    Spells: 0 memorised, 11 levels left

rFire  . . .     SeeInvis +     D - +2 whip (flame)
rCold  . . .     Clarity  .     g - +0 plate armour
rNeg   + . .     SustAb   .     c - +0 shield
rPois  ∞         Gourm    .     y - +1 helmet {SInv}
rElec  +         Spirit   .     n - +2 cloak
rCorr  .         Warding  .     x - +0 pair of gloves
rMut   .         Stasis   .     Q - +0 pair of boots
MR     .....                    (no amulet)
Stlth  ..........               S - ring of invisibility
                                R - ring of flight

@: not resistant to hostile enchantments, extremely unstealthy
A: negative energy resistance 1, electricity resistance, unbreathing,
petrification resistance, rot immunity, AC +8
a: Heroism, Finesse, Renounce Religion, Evoke Invisibility, Evoke Flight


You were on level 11 of the Dungeon.
You worshipped Okawaru.
Okawaru was extremely pleased with you.
You were not hungry.

You visited 3 branches of the dungeon, and saw 14 of its levels.

You collected 526 gold pieces.

Inventory:

Hand weapons
 D - a +2 whip of flaming (weapon)
 J - a +0 blowgun
Missiles
 i - 256 stones
 F - 26 poisoned needles
 I - 11 curare-tipped needles
 K - 23 tomahawks (quivered)
Armour
 c - a +0 shield (worn)
 g - a +0 plate armour (worn)
 n - a +2 cloak (worn)
 x - a +0 pair of gloves (worn)
 y - a +1 helmet of see invisible (worn)
 Q - a +0 pair of boots (worn)
Jewellery
 B - an uncursed ring of positive energy
 R - a ring of flight (left hand)
 S - a ring of invisibility (right hand)
Magical devices
 a - a wand of frost (18)
 o - a wand of teleportation (6)
 G - a wand of fireball (6)
 M - a wand of polymorph (9)
 N - a wand of polymorph (13)
 U - a wand of digging (0)
Scrolls
 j - 2 scrolls of fear
 m - 8 scrolls of remove curse
 r - a scroll of enchant weapon {unknown}
 t - 3 scrolls of recharging
 u - 2 scrolls of enchant armour
 v - a scroll of noise {unknown}
 w - a scroll of blinking {unknown}
 H - 4 scrolls of amnesia
 L - 6 scrolls of teleportation {unknown}
 O - 2 scrolls of fog {unknown}
 W - a scroll of vulnerability {unknown}
 Y - a scroll of magic mapping {unknown}
Potions
 e - 2 potions of invisibility {unknown}
 h - a potion of cancellation {unknown}
 k - 3 potions of curing
 p - 2 potions of cure mutation
 q - 2 potions of agility
 s - 2 potions of restore abilities
 A - a potion of ambrosia {unknown}
 C - 4 potions of haste
 P - a potion of berserk rage {unknown}
 T - a potion of poison {unknown}
 V - a potion of brilliance {unknown}
 X - a potion of magic {unknown}
Books
 E - a book of the Earth

   Spells                             Type                      Level
   a - Leda's Liquefaction            Hexes/Earth                  4
   b - Bolt of Magma                  Conjuration/Fire/Earth       5
   c - Statue Form                    Transmutation/Earth          6
   d - Iron Shot                      Conjuration/Earth            6
   e - Shatter                        Earth                        9
 Z - a book of Envenomations

   Spells                             Type                      Level
   a - Spider Form                    Transmutation/Poison         3
   b - Alistair's Intoxication        Transmutation/Poison         4
   c - Olgreb's Toxic Radiance        Poison                       4
   d - Poisonous Cloud                Conjuration/Poison/Air       6
Comestibles
 b - a meat ration
 d - 10 bread rations
 f - a beef jerky
 l - 3 chunks of flesh
 z - 2 royal jellies


   Skills:
 * Level 12.6 Fighting
 * Level 11.3 Maces & Flails
 + Level 9.5 Armour
 + Level 9.4 Shields


You had 11 spell levels left.
You didn't know any spells.

Dungeon Overview and Level Annotations

Branches:
Dungeon (11/15)            Temple (1/1) D:6            Lair (2/8) D:8
    Orc (0/4) D:9

Altars:
Ashenzari
Cheibriados
Dithmenos
Elyvilon
Fedhas
Gozag
Kikubaaqudgha
Makhleb
Nemelex Xobeh
Okawaru
Qazlal
Ru
Sif Muna
Trog
Vehumet
Xom
Yredelemnul
Zin
The Shining One
Beogh

Annotations:
D:10 Sonja
Lair:2 exclusion: oklob plant


Innate Abilities, Weirdness & Mutations

You are resistant to torment.
You are immune to poison.
Your stone body is very resilient (AC +8).
You resist negative energy.
You are resistant to electric shocks.
You can survive without breathing.
You are immune to petrification.
You are immune to rotting.


Message History

The hill giant hits you with a giant club!!
You hit the hill giant. You burn the hill giant.
The hill giant is almost dead.
You hit the hill giant. You burn the hill giant.
The hill giant is almost dead.
You block the hill giant's attack.
You barely miss the hill giant.
The hill giant is almost dead.
You hit the hill giant but do no damage.
The hill giant is almost dead.
You hit the hill giant. You burn the hill giant.
The hill giant is almost dead.
The hill giant hits you with a giant club!!
* * * LOW HITPOINT WARNING * * *
You see here a dagger.
You see here a killer bee corpse.
Some of the chunks of flesh in your inventory have rotted away.
You see here a tomahawk.
The hill giant hits you with a giant club!!
You die...

###.#.# #..# ..#.#.#
#..# #.#.#.# #^.#
#.#.#|# #..#
..#####.#.#.####..#
(.(.(((.>...(u....#
..#####.#.#.####..# #
..........####..# ...
####.....uC@)..#
####....
###.#######.# #... ..
#.#######.######.##.#
#................<..#
#########........####
##########


You could see a red ugly thing and a hill giant.

Vanquished Creatures
  A centaur warrior (D:10)
  Nergalle (D:10)
  Erolcha (D:9)
  A hill giant (D:9)
  Pikel (D:3)
  A gargoyle (D:10)
  A fire drake (D:8)
  A komodo dragon (Lair:1)
  A two-headed ogre (D:10)
  A troll (D:8)
  Grinder (D:7)
  2 polar bears (D:9)
  A basilisk (D:8)
  2 hippogriffs (D:7)
  2 wyverns (D:9)
  24 yaks
  Eustachio (D:4)
  2 hungry ghosts
  A mottled dragon (D:10)
  2 wolves (D:9)
  A human (D:7)
  2 ice beasts
  4 orc warriors
  2 phantoms
  3 porcupines (Lair:1)
  2 black bears (D:7)
  4 centaurs
  A sky beast (D:8)
  2 crocodiles (Lair:1)
  2 slaves
  5 ogres
  A big kobold (D:9)
  7 giant frogs
  Blork the orc (D:7)
  10 killer bees
  7 scorpions
  2 electric eels
  6 crimson imps
  4 wights (D:6)
  2 goliath beetles
  2 jellies (D:9)
  2 quasits
  A centaur skeleton (D:8)
  5 hounds
  6 orc priests
  3 giant frog skeletons
  5 iguanas
  Natasha (thrice) (D:3)
  9 worker ants
  2 orc wizards (D:4)
  4 sheep (D:7)
  Ijyb (D:2)
  A giant frog simulacrum (D:9)
  A hound zombie (D:6)
  A human simulacrum (D:9)
  A hound skeleton (D:4)
  Robin (D:3)
  4 gnolls (D:8)
  20 river rats
  14 adders
  A white imp (D:9)
  A shadow imp (D:6)
  4 worms
  An adder skeleton (D:4)
  8 giant geckos
  38 orcs
  2 ball pythons
  18 bats
  A bat zombie (D:6)
  5 giant cockroaches
  19 hobgoblins
  6 jackals
  A giant gecko skeleton (D:8)
  A giant gecko zombie (D:9)
  12 giant newts
  24 goblins
  18 kobolds
  5 quokkas
  A quokka skeleton (D:4)
  A quokka zombie (D:9)
  7 rats
376 creatures vanquished.

Vanquished Creatures (others)
  A hound zombie (D:9)
  A human simulacrum (D:9)
  2 plants (Lair:1)
4 creatures vanquished.

Grand Total: 380 creatures vanquished

Notes
Turn   | Place    | Note
--------------------------------------------------------------
     0 | D:1      | karlm, the Gargoyle Fighter, began the quest for the Orb.
     0 | D:1      | Reached XP level 1. HP: 14/14 MP: 1/1
   156 | D:1      | Reached XP level 2. HP: 16/19 MP: 2/2
   560 | D:1      | Reached XP level 3. HP: 23/23 MP: 3/3
   944 | D:2      | Found a glowing silver altar of Zin.
   948 | D:2      | Found a radiant altar of Vehumet.
   990 | D:2      | Found an ancient bone altar of Kikubaaqudgha.
  1417 | D:2      | Reached XP level 4. HP: 29/29 MP: 4/4
  1438 | D:2      | Found a stormy altar of Qazlal.
  1442 | D:2      | Found a sparkling altar of Nemelex Xobeh.
  1444 | D:2      | Found a shimmering altar of Xom.
  1646 | D:2      | Reached skill level 4 in Fighting
  2069 | D:3      | Noticed Natasha
  2131 | D:3      | Killed Natasha
  2131 | D:3      | Reached XP level 5. HP: 34/34 MP: 5/5
  2147 | D:3      | Noticed Natasha
  2157 | D:3      | Killed Natasha
  2183 | D:3      | Noticed Natasha
  2198 | D:3      | Killed Natasha
  2352 | D:3      | Noticed Robin
  2558 | D:3      | Killed Robin
  2676 | D:3      | Noticed Ijyb
  2734 | D:2      | Killed Ijyb
  3069 | D:4      | Noticed Grinder
  3100 | D:4      | Reached XP level 6. HP: 38/40 MP: 6/6
  3245 | D:4      | Reached skill level 5 in Fighting
  3401 | D:4      | Noticed a slave
  3403 | D:4      | Noticed a slave
  3461 | D:4      | Killed a slave
  3538 | D:4      | Reached XP level 7. HP: 39/44 MP: 7/7
  3556 | D:4      | Noticed Pikel
  3720 | D:4      | Noticed Eustachio
  3748 | D:4      | Noticed a slave
  3749 | D:4      | Noticed a slave
  3762 | D:3      | Killed a slave
  3857 | D:3      | Killed Pikel
  3857 | D:3      | Reached skill level 6 in Fighting
  3857 | D:3      | Reached skill level 5 in Maces & Flails
  3857 | D:3      | Reached skill level 5 in Armour
  3857 | D:3      | Reached skill level 5 in Shields
  3857 | D:3      | Reached XP level 8. HP: 42/52 MP: 8/8
  3933 | D:4      | Found a shadowy altar of Dithmenos.
  4127 | D:4      | Killed Eustachio
  4615 | D:5      | Entered Level 5 of the Dungeon
  4713 | D:5      | Reached skill level 7 in Fighting
  5118 | D:5      | Got a shimmering rapier
  5119 | D:5      | Identified the +8 rapier "Ruwepeop" {pain, +Rage rElec rPois MR- Dex+2} (You found it on level 5 of the Dungeon)
  5655 | D:6      | Found a staircase to the Ecumenical Temple.
  5711 | D:6      | Reached XP level 9. HP: 56/59 MP: 9/9
  5745 | D:6      | Reached skill level 8 in Fighting
  6369 | Temple   | Entered the Ecumenical Temple
  6661 | Temple   | Became a worshipper of Warmaster Okawaru
  7322 | D:7      | Noticed Blork the orc
  7342 | D:7      | Killed Blork the orc
  7342 | D:7      | Reached skill level 9 in Fighting
  7624 | D:7      | Killed Grinder
  7795 | D:7      | Found a bloodstained altar of Trog.
  7804 | D:7      | Reached XP level 10. HP: 63/66 MP: 10/10
  7812 | D:7      | Acquired Okawaru's first power
  8952 | D:8      | Found a staircase to the Lair.
  8969 | D:8      | Reached skill level 10 in Fighting
  9182 | Lair:1   | Entered Level 1 of the Lair of Beasts
 10115 | Lair:1   | Reached XP level 11. HP: 71/73 MP: 11/11
 10175 | Lair:1   | Reached skill level 11 in Fighting
 10268 | Lair:1   | Reached skill level 10 in Maces & Flails
 11482 | Lair:2   | Noticed a six-headed hydra
 11482 | Lair:2   | Noticed an eight-headed hydra
 12873 | D:9      | Found a roughly hewn altar of Beogh.
 12963 | D:9      | Found a staircase to the Orcish Mines.
 12997 | D:9      | Reached skill level 12 in Fighting
 13124 | D:9      | Noticed a hill giant
 13138 | D:9      | Killed a hill giant
 13541 | D:10     | Entered Level 10 of the Dungeon
 13573 | D:10     | Noticed Nergalle
 13633 | D:10     | Noticed a spectral orc warlord
 13657 | D:10     | Noticed a spectral orc warlord
 13682 | D:10     | Killed Nergalle
 13682 | D:10     | Acquired Okawaru's second power
 13717 | D:10     | Reached XP level 12. HP: 73/81 MP: 12/12
 13893 | D:10     | Noticed Erolcha
 14119 | D:10     | Noticed Sonja
 14347 | D:9      | Killed Erolcha
 14673 | D:10     | Noticed a centaur warrior
 14684 | D:10     | Killed a centaur warrior
 14950 | D:11     | Mangled by a hill giant

Action                   |  1- 3 |  4- 6 |  7- 9 | 10-12 || total
-------------------------+-------+-------+-------+-------++-------
Melee: Flail             |   127 |       |       |       ||   127
       Whip              |   107 |   466 |   339 |  1345 ||  2257
       Unarmed           |       |     1 |       |       ||     1
       Rapier            |       |       |   214 |   151 ||   365
Throw: Tomahawk          |       |       |    25 |    28 ||    53
       Throwing net      |       |       |       |     1 ||     1
Invok: Heroism           |       |       |       |     6 ||     6
  Use: Scroll            |       |       |       |    13 ||    13
       Potion            |       |       |       |     4 ||     4
  Eat: Chunk             |     2 |     8 |    14 |    26 ||    50
       Pizza             |       |       |       |     1 ||     1
